General information
- name: BNet
- type: Ladder team game (AT/RT)
- host: Battle.net
- saver: Mata.
map: GoldRush
- players: 8
- length: 40:25
- speed: Fast
- version: 1.24 W3XP
- replay type:

» download(476 KB)
Players
team 1 (winner)
Gobiner (
red | 53 APM | 2136 actions | 40:25)
6 Blademaster
3 Wind Walk
2 Critical Strike
1 Bladestorm
» actions
| Assign group hotkey | 16 | |
| Basic commands | 128 | |
| Build / train | 87 | |
| ESC pressed | 7 | |
| Enter build submenu | 82 | |
| Enter hero's abilities submenu | 6 | |
| Give item / drop item | 10 | |
| Right click | 826 | |
| Select / deselect | 272 | |
| Select group hotkey | 494 | |
| Use ability | 208 | |
2136 total
» units
» upgrades
| Spiked Barricades | 2 | |
| Liquid Fire | 1 | |
| Reinforced Defenses | 1 | |
| Ranged Weapons | 3 | |
| Armor | 3 | |
| Melee Weapons | 1 | |
| Pillage | 1 | |
| Backpack | 1 | |
| Ensnare | 1 | |
| Envenomed Spears | 1 | |
15 total
» buildings
| Altar of Storms | 1 | |
| Orc Burrow | 3 | |
| War Mill | 1 | |
| Watch Tower | 105 | |
| Stronghold | 1 | |
| Voodoo Lounge | 3 | |
| Great Hall | 2 | |
| Fortress | 1 | |
| Beastiary | 3 | |
| Barracks | 1 | |
121 total
» build order
00:07 Altar of Storms
00:16 Orc Burrow
00:31 War Mill
02:07 Orc Burrow
03:20 Watch Tower
03:21 Watch Tower
03:22 Watch Tower
03:23 Watch Tower
04:18 Stronghold
04:20 Watch Tower
04:21 Watch Tower
04:47 Voodoo Lounge
05:50 Watch Tower
06:06 Watch Tower
06:19 Watch Tower
06:19 Watch Tower
06:55 Watch Tower
07:20 Watch Tower
07:33 Great Hall
07:44 Watch Tower
07:59 Fortress
08:12 Watch Tower
08:24 Voodoo Lounge
09:06 Watch Tower
09:14 Watch Tower
09:17 Watch Tower
09:28 Beastiary
09:33 Beastiary
10:14 Watch Tower
10:21 Watch Tower
10:28 Watch Tower
10:29 Watch Tower
10:35 Watch Tower
11:08 Watch Tower
11:16 Watch Tower
11:19 Watch Tower
11:29 Watch Tower
11:38 Watch Tower
11:49 Watch Tower
11:55 Watch Tower
12:05 Watch Tower
12:06 Watch Tower
12:08 Watch Tower
12:09 Watch Tower
12:49 Watch Tower
12:57 Watch Tower
13:25 Watch Tower
13:52 Watch Tower
13:52 Watch Tower
14:24 Watch Tower
14:25 Watch Tower
14:39 Watch Tower
15:10 Watch Tower
15:49 Watch Tower
15:50 Watch Tower
15:53 Watch Tower
16:01 Watch Tower
16:01 Watch Tower
16:02 Watch Tower
16:36 Watch Tower
16:39 Watch Tower
16:40 Watch Tower
16:41 Watch Tower
16:41 Watch Tower
16:42 Watch Tower
16:49 Watch Tower
16:50 Watch Tower
17:20 Watch Tower
17:21 Watch Tower
17:23 Watch Tower
17:24 Watch Tower
17:25 Watch Tower
17:40 Orc Burrow
18:03 Watch Tower
18:04 Watch Tower
18:17 Watch Tower
18:18 Watch Tower
18:18 Watch Tower
19:44 Watch Tower
19:48 Watch Tower
19:48 Watch Tower
20:12 Beastiary
21:32 Watch Tower
21:33 Watch Tower
23:26 Watch Tower
23:27 Watch Tower
23:29 Watch Tower
23:29 Watch Tower
23:46 Watch Tower
23:47 Watch Tower
23:47 Watch Tower
23:48 Watch Tower
25:52 Watch Tower
25:53 Watch Tower
26:23 Watch Tower
26:29 Watch Tower
27:00 Barracks
28:18 Watch Tower
28:19 Watch Tower
28:21 Watch Tower
28:22 Watch Tower
28:31 Watch Tower
28:31 Watch Tower
28:32 Watch Tower
28:35 Watch Tower
28:36 Watch Tower
28:37 Watch Tower
32:19 Great Hall
32:30 Watch Tower
32:31 Watch Tower
32:32 Watch Tower
32:51 Voodoo Lounge
35:43 Watch Tower
35:45 Watch Tower
35:46 Watch Tower
35:46 Watch Tower
35:47 Watch Tower
35:47 Watch Tower
35:48 Watch Tower
35:49 Watch Tower
35:50 Watch Tower
» items
| Dust of Appearance | 1 | |
| Staff of Teleportation | 1 | |
| Circlet of Nobility | 2 | |
| Boots of Speed | 1 | |
| Lesser Clarity Potion | 6 | |
| Healing Salve | 4 | |
| Orb of Lightning | 1 | |
| Tiny Great Hall | 1 | |
17 total

»
kunt.roII (
teal | 139 APM | 5616 actions | 40:25)
5 Death Knight
3 Death Coil
2 Unholy Aura
5 Lich
3 Frost Nova
1 Dark Ritual
1 Frost Armor
4 Crypt Lord
2 Impale
2 Spiked Carapace
» actions
| Assign group hotkey | 140 | |
| Basic commands | 122 | |
| Build / train | 138 | |
| ESC pressed | 10 | |
| Enter build submenu | 29 | |
| Enter hero's abilities submenu | 14 | |
| Give item / drop item | 5 | |
| Right click | 2420 | |
| Select / deselect | 522 | |
| Select group hotkey | 1977 | |
| Use ability | 237 | |
5616 total
» units
| Acolyte | 17 | |
| Ghoul | 8 | |
| Necromancer | 25 | |
| Meatwagon | 5 | |
| Obsidian Statue | 4 | |
| Frost Wyrm | 4 | |
| Abomination | 1 | |
| Banshee | 2 | |
66 total
» upgrades
| Necromancer Training | 2 | |
| Unholy Strength | 1 | |
| Ghoul Frenzy | 1 | |
| Freezing Breath | 1 | |
| Skeletal Mastery | 1 | |
| Skeletal Longevity | 1 | |
| Exhume Corpses | 1 | |
| Disease Cloud | 1 | |
| Creature Attack | 3 | |
| Creature Carapace | 3 | |
| Banshee Training | 1 | |
| Destroyer Form | 1 | |
17 total
» buildings
| Altar of Darkness | 1 | |
| Crypt | 2 | |
| Ziggurat | 8 | |
| Tomb of Relics | 3 | |
| Nerubian Tower | 3 | |
| Halls of the Dead | 3 | |
| Graveyard | 1 | |
| Sacrificial Pit | 1 | |
| Black Citadel | 2 | |
| Temple of the Damned | 1 | |
| Boneyard | 2 | |
| Spirit Tower | 1 | |
| Slaughterhouse | 2 | |
| Necropolis | 1 | |
31 total
» build order
00:09 Altar of Darkness
00:13 Crypt
00:27 Ziggurat
00:55 Tomb of Relics
01:13 Crypt
01:28 Tomb of Relics
01:31 Tomb of Relics
01:45 Ziggurat
02:44 Nerubian Tower
02:45 Nerubian Tower
04:43 Halls of the Dead
04:43 Halls of the Dead
05:11 Ziggurat
05:27 Graveyard
07:48 Sacrificial Pit
09:19 Black Citadel
09:26 Temple of the Damned
11:49 Ziggurat
11:51 Ziggurat
12:14 Boneyard
12:16 Boneyard
14:41 Ziggurat
14:41 Ziggurat
15:33 Nerubian Tower
15:53 Spirit Tower
17:34 Slaughterhouse
17:51 Slaughterhouse
37:55 Necropolis
39:02 Ziggurat
» items
| Rod of Necromancy | 3 | |
| Dust of Appearance | 2 | |
| Lesser Clarity Potion | 3 | |
| Scroll of Speed | 3 | |
| Healing Salve | 1 | |
| Orb of Lightning | 2 | |
| Potion of Healing | 5 | |
| Orb of Corruption | 1 | |
| Boots of Speed | 1 | |
| Staff of Teleportation | 1 | |
| Scroll of Town Portal | 4 | |
26 total
Mata. (
pink | 141 APM | 5695 actions | 40:25)
5 Archmage
3 Summon Water Elemental
2 Brilliance Aura
4 Mountain King
2 Storm Bolt
2 Bash
3 Paladin
2 Holy Light
1 Divine Shield
» actions
| Assign group hotkey | 541 | |
| Basic commands | 121 | |
| Build / train | 205 | |
| Enter build submenu | 74 | |
| Enter hero's abilities submenu | 12 | |
| Give item / drop item | 1 | |
| Remove unit from queue | 3 | |
| Right click | 2471 | |
| Select / deselect | 1286 | |
| Select group hotkey | 647 | |
| Use ability | 326 | |
5695 total
» units
| Peasant | 35 | |
| Footman | 5 | |
| Mortar Team | 7 | |
| Siege Engine | 3 | |
| Flying Machine | -2 | |
48 total
» upgrades
| Defend | 1 | |
| Masonry | 3 | |
| Lumber Harvesting | 2 | |
| Fragmentation Shards | 1 | |
| Gunpowder | 3 | |
| Armor | 1 | |
| Flare | 1 | |
| Barrage | 1 | |
| Flak Cannons | 1 | |
| Flying Machine Bombs | 1 | |
15 total
» buildings
| Altar of Kings | 2 | |
| Barracks | 1 | |
| Farm | 6 | |
| Scout Tower | 84 | |
| Arcane Tower | 5 | |
| Arcane Vault | 2 | |
| Keep | 1 | |
| Lumber Mill | 3 | |
| Guard Tower | 63 | |
| Town Hall | 4 | |
| Castle | 1 | |
| Blacksmith | 1 | |
| Workshop | 5 | |
| Cannon Tower | 19 | |
197 total
» build order
00:19 Altar of Kings
00:35 Barracks
00:57 Farm
01:39 Farm
01:50 Scout Tower
02:05 Scout Tower
02:07 Scout Tower
02:16 Farm
02:24 Arcane Tower
02:25 Arcane Tower
04:19 Arcane Vault
04:21 Keep
04:53 Farm
05:14 Lumber Mill
07:17 Farm
07:44 Guard Tower
07:44 Guard Tower
07:44 Guard Tower
07:44 Guard Tower
07:45 Guard Tower
08:16 Town Hall
08:20 Town Hall
08:40 Scout Tower
08:42 Scout Tower
09:34 Guard Tower
09:35 Guard Tower
09:38 Guard Tower
09:39 Guard Tower
09:39 Guard Tower
10:28 Scout Tower
10:31 Scout Tower
10:58 Guard Tower
10:59 Guard Tower
11:00 Guard Tower
11:00 Guard Tower
11:00 Guard Tower
11:01 Scout Tower
11:01 Scout Tower
11:08 Scout Tower
11:33 Guard Tower
11:33 Guard Tower
11:52 Guard Tower
11:52 Guard Tower
12:02 Castle
12:51 Scout Tower
12:52 Scout Tower
14:34 Guard Tower
14:34 Guard Tower
15:08 Blacksmith
16:21 Workshop
16:22 Workshop
16:27 Scout Tower
16:27 Scout Tower
18:56 Guard Tower
18:56 Guard Tower
20:47 Scout Tower
20:48 Scout Tower
21:05 Scout Tower
21:06 Scout Tower
21:06 Scout Tower
21:08 Scout Tower
21:27 Scout Tower
21:28 Scout Tower
21:29 Scout Tower
21:29 Scout Tower
21:30 Scout Tower
21:30 Scout Tower
21:36 Guard Tower
21:36 Guard Tower
22:14 Guard Tower
22:14 Guard Tower
22:16 Scout Tower
22:16 Scout Tower
22:17 Scout Tower
22:17 Scout Tower
22:18 Scout Tower
22:20 Scout Tower
22:21 Scout Tower
22:21 Scout Tower
22:21 Scout Tower
23:33 Cannon Tower
23:33 Cannon Tower
23:35 Lumber Mill
23:36 Cannon Tower
23:36 Cannon Tower
23:36 Cannon Tower
23:37 Cannon Tower
23:48 Workshop
23:49 Workshop
24:01 Cannon Tower
24:02 Cannon Tower
24:02 Cannon Tower
24:02 Cannon Tower
24:04 Scout Tower
24:04 Scout Tower
24:05 Scout Tower
24:06 Scout Tower
24:06 Scout Tower
24:35 Guard Tower
24:35 Guard Tower
24:38 Guard Tower
24:38 Guard Tower
24:39 Scout Tower
24:40 Scout Tower
24:40 Scout Tower
24:58 Town Hall
25:00 Guard Tower
25:11 Guard Tower
25:57 Guard Tower
26:39 Workshop
26:54 Arcane Vault
27:39 Farm
28:01 Altar of Kings
31:48 Scout Tower
31:48 Scout Tower
31:49 Scout Tower
32:01 Scout Tower
32:02 Scout Tower
32:03 Scout Tower
32:03 Scout Tower
34:08 Scout Tower
34:09 Scout Tower
34:10 Scout Tower
34:10 Cannon Tower
34:11 Cannon Tower
34:11 Cannon Tower
34:29 Lumber Mill
34:58 Guard Tower
34:59 Guard Tower
35:01 Town Hall
35:02 Scout Tower
35:03 Scout Tower
35:03 Scout Tower
35:04 Scout Tower
35:05 Scout Tower
35:05 Scout Tower
36:18 Guard Tower
36:30 Guard Tower
36:30 Guard Tower
36:31 Guard Tower
36:57 Scout Tower
36:57 Scout Tower
36:58 Scout Tower
36:59 Scout Tower
37:00 Scout Tower
37:44 Guard Tower
38:11 Scout Tower
38:12 Scout Tower
38:12 Scout Tower
38:14 Scout Tower
38:15 Scout Tower
38:20 Scout Tower
38:20 Scout Tower
38:21 Scout Tower
38:22 Scout Tower
38:22 Scout Tower
38:23 Scout Tower
38:23 Scout Tower
38:57 Guard Tower
38:57 Guard Tower
38:58 Scout Tower
38:58 Scout Tower
38:59 Scout Tower
38:59 Scout Tower
39:40 Guard Tower
39:41 Guard Tower
39:43 Guard Tower
39:43 Guard Tower
» items
| Scroll of Regeneration | 5 | |
| Lesser Clarity Potion | 1 | |
| Ivory Tower | 4 | |
| Staff of Sanctuary | 4 | |
| Orb of Fire | 2 | |
| Scroll of Town Portal | 6 | |
22 total
timg4strok (
blue | 112 APM | 4521 actions | 40:25)
5 Archmage
3 Blizzard
2 Brilliance Aura
4 Paladin
2 Holy Light
2 Divine Shield
» actions
| Assign group hotkey | 16 | |
| Basic commands | 45 | |
| Build / train | 128 | |
| ESC pressed | 7 | |
| Enter build submenu | 95 | |
| Enter hero's abilities submenu | 9 | |
| Give item / drop item | 1 | |
| Right click | 2092 | |
| Select / deselect | 378 | |
| Select group hotkey | 1502 | |
| Use ability | 245 | |
4521 total
» units
» upgrades
| Masonry | 3 | |
| Lumber Harvesting | 2 | |
| Magic Sentry | 1 | |
| Swords | 4 | |
| Animal War Training | 1 | |
| Storm Hammers | 1 | |
| Armor | 3 | |
15 total
» buildings
| Altar of Kings | 4 | |
| Farm | 20 | |
| Lumber Mill | 2 | |
| Scout Tower | 72 | |
| Arcane Tower | 4 | |
| Guard Tower | 38 | |
| Keep | 2 | |
| Town Hall | 5 | |
| Arcane Sanctum | 1 | |
| Blacksmith | 2 | |
| Castle | 2 | |
| Barracks | 1 | |
| Gryphon Aviary | 4 | |
| Arcane Vault | 3 | |
160 total
» build order
00:06 Altar of Kings
00:08 Farm
00:16 Lumber Mill
00:50 Scout Tower
01:42 Arcane Tower
01:44 Scout Tower
01:47 Scout Tower
02:11 Scout Tower
02:19 Farm
03:03 Guard Tower
03:54 Keep
04:08 Scout Tower
04:18 Farm
04:25 Farm
04:56 Scout Tower
04:59 Scout Tower
04:59 Scout Tower
05:25 Guard Tower
05:38 Guard Tower
05:55 Guard Tower
06:24 Arcane Tower
06:50 Town Hall
06:53 Scout Tower
06:54 Scout Tower
06:54 Scout Tower
06:55 Scout Tower
07:00 Arcane Sanctum
07:18 Blacksmith
07:28 Guard Tower
07:49 Guard Tower
07:50 Guard Tower
07:50 Guard Tower
07:52 Scout Tower
07:53 Scout Tower
07:55 Scout Tower
08:01 Scout Tower
08:02 Scout Tower
08:07 Scout Tower
08:10 Scout Tower
08:15 Scout Tower
08:19 Guard Tower
08:26 Arcane Tower
08:56 Guard Tower
09:04 Guard Tower
09:17 Guard Tower
10:08 Scout Tower
10:09 Castle
10:14 Barracks
10:17 Gryphon Aviary
10:21 Farm
10:22 Farm
11:04 Gryphon Aviary
11:06 Guard Tower
11:07 Scout Tower
11:08 Scout Tower
11:10 Scout Tower
11:51 Guard Tower
12:09 Guard Tower
12:30 Arcane Vault
12:33 Arcane Vault
15:16 Farm
15:16 Farm
15:18 Farm
15:18 Farm
15:56 Scout Tower
15:56 Scout Tower
15:58 Scout Tower
15:59 Scout Tower
16:25 Scout Tower
16:26 Scout Tower
16:27 Guard Tower
16:28 Scout Tower
16:35 Guard Tower
17:04 Guard Tower
17:10 Town Hall
17:14 Scout Tower
17:14 Scout Tower
17:15 Scout Tower
17:15 Scout Tower
17:17 Scout Tower
17:35 Scout Tower
17:37 Guard Tower
18:05 Altar of Kings
18:58 Guard Tower
19:23 Gryphon Aviary
19:25 Gryphon Aviary
19:28 Guard Tower
19:32 Altar of Kings
19:51 Altar of Kings
19:54 Farm
19:58 Farm
19:59 Farm
20:00 Farm
20:04 Scout Tower
20:04 Scout Tower
20:05 Scout Tower
20:05 Scout Tower
20:16 Lumber Mill
20:41 Arcane Tower
21:01 Scout Tower
21:02 Scout Tower
21:02 Scout Tower
21:34 Guard Tower
21:40 Scout Tower
21:41 Scout Tower
21:53 Guard Tower
21:55 Scout Tower
21:55 Scout Tower
21:56 Scout Tower
22:00 Guard Tower
22:16 Guard Tower
22:22 Guard Tower
23:44 Guard Tower
23:47 Keep
23:49 Farm
23:51 Farm
23:54 Scout Tower
23:55 Scout Tower
23:55 Scout Tower
23:56 Scout Tower
24:36 Guard Tower
24:54 Scout Tower
24:55 Scout Tower
24:55 Scout Tower
24:56 Scout Tower
24:57 Guard Tower
25:50 Scout Tower
25:51 Scout Tower
25:51 Scout Tower
26:00 Guard Tower
26:03 Guard Tower
26:18 Guard Tower
26:18 Guard Tower
27:18 Blacksmith
27:22 Castle
27:36 Town Hall
27:41 Farm
27:43 Farm
29:27 Scout Tower
29:32 Guard Tower
29:37 Farm
29:39 Farm
30:04 Arcane Vault
30:08 Guard Tower
34:38 Town Hall
34:41 Scout Tower
34:42 Scout Tower
34:43 Scout Tower
34:43 Scout Tower
34:43 Scout Tower
34:45 Scout Tower
34:45 Scout Tower
34:46 Scout Tower
34:47 Scout Tower
34:47 Scout Tower
36:23 Guard Tower
36:54 Guard Tower
38:44 Town Hall
38:52 Guard Tower
» items
| Orb of Lightning | 2 | |
| Healing Salve | 2 | |
| Lesser Clarity Potion | 1 | |
| Potion of Invisibility | 2 | |
| Staff of Teleportation | 2 | |
| Boots of Speed | 2 | |
| Staff of Sanctuary | 2 | |
| Scroll of Town Portal | 1 | |
14 total
team 2 (loser)
aM]biaCk (
purple | 112 APM | 4534 actions | 40:24)
8 Tauren Chieftain
3 Endurance Aura
3 Shockwave
1 Reincarnation
1 War Stomp
» actions
| Assign group hotkey | 40 | |
| Basic commands | 156 | |
| Build / train | 94 | |
| Enter build submenu | 32 | |
| Enter hero's abilities submenu | 8 | |
| Give item / drop item | 7 | |
| Remove unit from queue | 6 | |
| Right click | 2544 | |
| Select / deselect | 627 | |
| Select group hotkey | 900 | |
| Use ability | 120 | |
4534 total
» units
| Peon | 9 | |
| Troll Headhunter/Berserker | 9 | |
| Kodo Beast | 3 | |
| Shaman | 3 | |
| Troll Witch Doctor | 2 | |
| Demolisher | 5 | |
| Troll Batrider | 13 | |
44 total
» upgrades
| Ranged Weapons | 3 | |
| Armor | 3 | |
| Troll Regeneration | 1 | |
| Shaman Training | 2 | |
| Witch Doctor Training | 2 | |
| Berserker Upgrade | 1 | |
| Burning Oil | 1 | |
| Melee Weapons | 0 | |
| War Drums Damage Increase | 1 | |
| Reinforced Defenses | 1 | |
| Liquid Fire | 1 | |
16 total
» buildings
| Altar of Storms | 1 | |
| Orc Burrow | 8 | |
| Barracks | 2 | |
| War Mill | 1 | |
| Watch Tower | 4 | |
| Stronghold | 4 | |
| Beastiary | 3 | |
| Spirit Lodge | 2 | |
| Voodoo Lounge | 1 | |
| Fortress | 4 | |
| Great Hall | 4 | |
34 total
» build order
00:11 Altar of Storms
00:21 Orc Burrow
01:13 Barracks
01:21 War Mill
01:53 Barracks
02:23 Orc Burrow
03:03 Watch Tower
03:06 Watch Tower
04:11 Stronghold
04:11 Stronghold
04:11 Stronghold
04:12 Stronghold
04:58 Orc Burrow
05:59 Orc Burrow
06:19 Orc Burrow
06:49 Beastiary
06:51 Beastiary
06:53 Spirit Lodge
07:03 Spirit Lodge
07:13 Voodoo Lounge
08:18 Fortress
08:18 Fortress
08:18 Fortress
09:04 Orc Burrow
11:13 Great Hall
18:26 Great Hall
30:31 Orc Burrow
30:32 Orc Burrow
30:34 Watch Tower
30:35 Watch Tower
31:16 Great Hall
33:23 Great Hall
36:23 Beastiary
» items
| Healing Salve | 1 | |
| Scroll of Speed | 1 | |
| Potion of Healing | 1 | |
| Orb of Lightning | 2 | |
| Scroll of Town Portal | 1 | |
| Potion of Mana | 1 | |
| Staff of Teleportation | 1 | |
8 total

»
INeedABackBrace (
green | 87 APM | 3502 actions | 40:18)
6 Pandaren Brewmaster
3 Breath of Fire
2 Drunken Haze
1 Storm Earth and Fire
» actions
| Assign group hotkey | 41 | |
| Basic commands | 50 | |
| Build / train | 90 | |
| ESC pressed | 2 | |
| Enter build submenu | 32 | |
| Enter hero's abilities submenu | 6 | |
| Remove unit from queue | 3 | |
| Right click | 1403 | |
| Select / deselect | 486 | |
| Select group hotkey | 1244 | |
| Use ability | 144 | |
3502 total
» units
| Wisp | 31 | |
| Archer | 7 | |
| Huntress | 3 | |
| Glaive Thrower | 3 | |
| Dryad | 14 | |
| Druid of the Claw | 4 | |
| Hippogryph | 1 | |
63 total
» upgrades
| Druid of the Claw Training | 2 | |
| Vorpal Blades | 1 | |
| Abolish Magic | 1 | |
| Reinforced Hides | 1 | |
| Nature's Blessing | 1 | |
| Mark of the Claw | 1 | |
7 total
» buildings
| Moon Well | 11 | |
| Ancient of War | 1 | |
| Altar of Elders | 1 | |
| Hunter's Hall | 1 | |
| Tree of Ages | 1 | |
| Ancient Protector | 6 | |
| Ancient of Lore | 2 | |
| Ancient of Wonders | 1 | |
| Tree of Eternity | 1 | |
| Tree of Life | 2 | |
| Ancient of Wind | 4 | |
31 total
» build order
00:18 Moon Well
00:24 Ancient of War
00:47 Moon Well
01:34 Altar of Elders
02:24 Moon Well
04:00 Moon Well
04:02 Moon Well
04:53 Moon Well
04:55 Moon Well
06:11 Hunter's Hall
07:14 Tree of Ages
07:18 Ancient Protector
07:20 Ancient Protector
07:33 Ancient Protector
07:36 Ancient Protector
09:41 Ancient of Lore
09:43 Ancient of Lore
10:39 Moon Well
10:43 Moon Well
11:32 Ancient of Wonders
11:50 Tree of Eternity
16:36 Tree of Life
17:45 Moon Well
26:45 Ancient of Wind
26:48 Ancient of Wind
26:51 Ancient of Wind
26:57 Ancient of Wind
28:59 Ancient Protector
30:46 Ancient Protector
31:16 Moon Well
35:16 Tree of Life
» items
| Circlet of Nobility | 1 | |
| Potion of Lesser Invulnerability | 2 | |
| Staff of Preservation | 1 | |
| Orb of Venom | 1 | |
| Potion of Healing | 1 | |
| Scroll of Town Portal | 2 | |
8 total
O_o)slipils (
yellow | 78 APM | 3142 actions | 40:16)
6 Demon Hunter
3 Mana Burn
2 Evasion
1 Metamorphosis
» actions
| Assign group hotkey | 23 | |
| Basic commands | 85 | |
| Build / train | 97 | |
| Enter build submenu | 36 | |
| Enter hero's abilities submenu | 6 | |
| Remove unit from queue | 6 | |
| Right click | 2074 | |
| Select / deselect | 666 | |
| Select group hotkey | 26 | |
| Use ability | 123 | |
3142 total
» units
| Wisp | 35 | |
| Huntress | 11 | |
| Dryad | 12 | |
| Druid of the Claw | 3 | |
| Druid of the Talon | 8 | |
69 total
» upgrades
| Abolish Magic | 1 | |
| Strength of the Wild | 2 | |
| Druid of the Claw Training | 1 | |
| Reinforced Hides | 1 | |
| Nature's Blessing | 1 | |
6 total
» buildings
| Altar of Elders | 1 | |
| Moon Well | 9 | |
| Ancient of War | 3 | |
| Hunter's Hall | 1 | |
| Tree of Ages | 3 | |
| Ancient of Lore | 2 | |
| Ancient Protector | 12 | |
| Tree of Life | 4 | |
| Ancient of Wind | 1 | |
| Ancient of Wonders | 1 | |
37 total
» build order
00:08 Altar of Elders
00:18 Moon Well
00:40 Ancient of War
01:45 Hunter's Hall
01:58 Ancient of War
02:30 Ancient of War
02:33 Moon Well
02:59 Moon Well
03:27 Moon Well
03:36 Moon Well
03:38 Moon Well
04:00 Moon Well
04:17 Tree of Ages
04:17 Tree of Ages
04:18 Tree of Ages
06:44 Ancient of Lore
07:05 Ancient of Lore
07:43 Ancient Protector
11:13 Tree of Life
11:50 Ancient Protector
13:18 Moon Well
13:21 Ancient Protector
13:25 Ancient Protector
13:55 Moon Well
13:59 Ancient Protector
14:07 Ancient Protector
15:21 Ancient of Wind
17:04 Tree of Life
23:52 Tree of Life
25:06 Ancient of Wonders
30:28 Tree of Life
31:01 Ancient Protector
31:04 Ancient Protector
31:21 Ancient Protector
31:21 Ancient Protector
31:22 Ancient Protector
31:33 Ancient Protector
» items
| Boots of Speed | 1 | |
| Dust of Appearance | 1 | |
| Scroll of Town Portal | 1 | |
3 total

»
whywhywhywhy (
orange | 142 APM | 5698 actions | 40:11)
5 Blademaster
3 Wind Walk
2 Critical Strike
4 Shadow Hunter
2 Hex
2 Healing Wave
3 Pandaren Brewmaster
2 Breath of Fire
1 Drunken Haze
» actions
| Assign group hotkey | 146 | |
| Basic commands | 58 | |
| Build / train | 113 | |
| ESC pressed | 4 | |
| Enter build submenu | 42 | |
| Enter hero's abilities submenu | 13 | |
| Give item / drop item | 11 | |
| Right click | 2448 | |
| Select / deselect | 934 | |
| Select group hotkey | 1611 | |
| Use ability | 318 | |
5698 total
» units
| Peon | 17 | |
| Grunt | 4 | |
| Raider | 9 | |
| Spirit Walker | 6 | |
| Troll Headhunter/Berserker | 6 | |
| Kodo Beast | 1 | |
43 total
» upgrades
| Ensnare | 1 | |
| Ranged Weapons | 1 | |
| Spirit Walker Training | 2 | |
| Reinforced Defenses | 1 | |
| Berserker Upgrade | 1 | |
| Armor | 2 | |
| War Drums Damage Increase | 1 | |
| Pillage | 1 | |
10 total
» buildings
| Altar of Storms | 1 | |
| Orc Burrow | 7 | |
| Barracks | 1 | |
| Voodoo Lounge | 1 | |
| War Mill | 1 | |
| Stronghold | 2 | |
| Watch Tower | 23 | |
| Beastiary | 2 | |
| Spirit Lodge | 1 | |
| Great Hall | 3 | |
| Fortress | 1 | |
43 total
» build order
00:07 Altar of Storms
00:17 Orc Burrow
00:35 Barracks
01:34 Orc Burrow
01:50 Voodoo Lounge
02:37 Orc Burrow
03:01 War Mill
03:26 Stronghold
05:17 Watch Tower
06:12 Beastiary
06:30 Spirit Lodge
07:49 Great Hall
09:42 Orc Burrow
10:25 Orc Burrow
11:44 Fortress
11:49 Watch Tower
11:53 Watch Tower
12:16 Beastiary
16:01 Orc Burrow
18:47 Great Hall
19:38 Watch Tower
19:39 Watch Tower
19:49 Orc Burrow
19:50 Watch Tower
20:42 Watch Tower
20:44 Watch Tower
21:18 Watch Tower
21:20 Watch Tower
25:01 Watch Tower
25:01 Watch Tower
27:21 Watch Tower
28:48 Great Hall
28:49 Watch Tower
28:50 Watch Tower
33:26 Watch Tower
33:26 Watch Tower
33:27 Watch Tower
34:58 Watch Tower
35:02 Watch Tower
36:52 Watch Tower
38:38 Watch Tower
40:07 Watch Tower
» items
| Scroll of Speed | 4 | |
| Healing Salve | 10 | |
| Boots of Speed | 1 | |
| Lesser Clarity Potion | 15 | |
| Dust of Appearance | 1 | |
| Potion of Lesser Invulnerability | 4 | |
| Staff of Teleportation | 1 | |
| Orb of Lightning | 1 | |
| Scroll of Town Portal | 1 | |
| Potion of Healing | 1 | |
| Potion of Mana | 1 | |
40 total
Chat log
(01:06 / Allies) kunt.roII: more gold and 30 wood gobs
(01:06 / Allies) kunt.roII: 20
(06:47 / All) whywhywhywhy: :D
(10:41 / Allies) Gobiner: gold
(10:42 / Allies) Gobiner: please
(12:04 / Allies) kunt.roII: ill hit ojs expo
(12:07 / Allies) kunt.roII: with fernzy ghouls oon
(12:10 / Allies) kunt.roII: probn force tp
(12:17 / Allies) Gobiner: lumber
(12:35 / Allies) kunt.roII: none atm
(12:37 / Allies) kunt.roII: get more on lumb
(12:39 / Allies) kunt.roII: u got the gold
(14:25 / Allies) kunt.roII: lol
(14:27 / Allies) kunt.roII: 2 tp
(14:33 / Allies) kunt.roII: MASS zerkers
(14:34 / Allies) kunt.roII: alot of em
(14:38 / Allies) kunt.roII: more
(15:07 / Allies) kunt.roII: i just need like
(15:09 / Allies) kunt.roII: necrowagon
(15:10 / Allies) kunt.roII: but t.t
(15:23 / Allies) kunt.roII: yeah on patrol
(18:24 / Allies) kunt.roII: wood me for necrowagon
(25:41 / Allies) kunt.roII: owned oj p. hard
(26:14 / Allies) kunt.roII: block
(26:15 / Allies) kunt.roII: off
(26:18 / Allies) kunt.roII: leave 1 space for workers
(26:58 / Allies) kunt.roII: get workers there gob
(27:14 / Allies) kunt.roII: ill
(27:16 / Allies) kunt.roII: fight on ur side
(27:17 / Allies) kunt.roII: take out green expo
(28:33 / Allies) kunt.roII: oh
(28:34 / Allies) kunt.roII: 7 tc
(28:41 / Allies) kunt.roII: whoops.
(31:12 / All) kunt.roII: WHYWHYWHYWHY
(31:46 / All) aM]biaCk: BOOM
(32:06 / Allies) kunt.roII: lvl 6 dyh lmao
(36:10 / All) kunt.roII: Boom
(36:27 / Allies) kunt.roII: towerp lz
(36:33 / All) Gobiner: I am a caring girl who loves to flip.
(39:33 / All) kunt.roII: O noes
(40:07 / All) Mata.: g_g
(40:11 / All) whywhywhywhy: gg